 Dungeon Crawl Stone Soup version 0.26.1-11-gd32895ea62 (webtiles) character file.

Game seed: 6598067494563002612

1193 DildoBatman the Magician (level 8, -13/56 HPs)
             Began as a Formicid Conjurer on July 5, 2021.
             Was a Believer of Kikubaaqudgha.
             Mangled by Duvessa
             ... wielding a +0 short sword
              (16 damage)
             ... on level 6 of the Dungeon.
             The game lasted 00:19:23 (5483 turns).

DildoBatman the Magician (Formicid Conjurer)        Turns: 5483, Time: 00:19:24

Health: -13/56     AC:  5    Str: 11    XL:     8   Next: 71%
Magic:  0/18       EV: 12    Int: 19    God:    Kikubaaqudgha [**....]
Gold:   366        SH:  0    Dex: 11    Spells: 12/20 levels left

rFire    . . .     SeeInvis +   a - +2 dagger (speed)
rCold    . . .     Faith    +   (no shield)
rNeg     . . .     Spirit   .   C - +2 robe
rPois    +         Reflect  .   (helmet unavailable)
rElec    .         Harm     .   s - scarf {+Inv}
rCorr    .         Rampage  .   u - +0 pair of gloves
Will     .....                  (no boots)
Stlth    ++........             m - amulet of faith
HPRegen  0.18/turn              f - ring of poison resistance
MPRegen  0.16/turn              (no ring)

@: no status effects
A: permanent stasis, dig shafts and tunnels, four strong arms, antennae 3
a: Dig, Shaft Self, Renounce Religion, Evoke Invisibility, Receive Corpses


You were on level 6 of the Dungeon.
You worshipped Kikubaaqudgha.
Kikubaaqudgha was pleased with you.
You visited 2 branches of the dungeon, and saw 7 of its levels.

You collected 366 gold pieces.

Inventory:

Hand Weapons
 a - a +2 dagger of speed (weapon)
 b - a +0 dagger of venom
Missiles
 h - 156 stones
 o - 31 arrows
 v - 34 bolts
 A - 2 boomerangs
 B - 2 curare-tipped darts
Armour
 e - a +1 robe of cold resistance
 g - a +0 kite shield
 s - a scarf of invisibility (worn)
 u - a +0 pair of gloves (worn)
 C - a +2 robe (worn)
Jewellery
 f - a ring of poison resistance (left hand)
 m - an amulet of faith (around neck)
Wands
 c - a wand of iceblast (10)
Scrolls
 l - 2 scrolls of immolation {unknown}
 n - a scroll of noise {unknown}
 r - 4 scrolls of enchant weapon
 w - 2 scrolls of fog {unknown}
 x - 3 scrolls of remove curse
 y - a scroll of enchant armour
 z - 8 scrolls of identify
Potions
 d - a potion of lignification {unknown}
 i - 3 potions of flight {unknown}
 j - a potion of magic {unknown}
 k - a potion of heal wounds {unknown}
 p - a potion of might {unknown}
 q - 3 potions of brilliance
 t - a potion of curing {unknown}


   Skills:
 - Level 2.0 Fighting
 - Level 2.0 Armour
 - Level 1.7 Dodging
 - Level 2.4 Stealth
 * Level 4.9 Shields
 * Level 6.8 Spellcasting
 - Level 6.0 Conjurations


You had 12 spell levels left.
You knew the following spells:

 Your Spells              Type           Power        Failure   Level
a - Searing Ray           Conj           58%          1%          2
c - Magic Dart            Conj           100%         1%          1
d - Vampiric Draining     Necr           3%           30%         3
z - Sublimation of Blood  Necr           3%           16%         2

Your spell library contained the following spells:

 Spells                   Type           Power        Failure   Level
 Dazzling Flash           Conj/Hex       34%          9%          3
 Pain                     Necr           24%          11%         1
 Corpse Rot               Necr/Air       N/A          16%         2
 Fulminant Prism          Conj/Hex       8%           30%         4
 Iskenderun's Mystic Bla  Conj/Tloc      17%          30%         4


Dungeon Overview and Level Annotations

Branches:
Dungeon (6/15)             Temple (1/1) D:4

Altars:
Ashenzari
Cheibriados
Dithmenos
Elyvilon
Fedhas
Gozag
Hepliaklqana
Kikubaaqudgha
Makhleb
Nemelex Xobeh
Okawaru
Qazlal
Ru
Sif Muna
Trog
Uskayaw
Vehumet
Wu Jian
Xom
Yredelemnul
Zin
The Shining One

Annotations:
D:6 Duvessa


Innate Abilities, Weirdness & Mutations

You cannot be hasted, slowed, berserked, paralysed or teleported.
You can dig through walls and to a lower floor.
Your four strong arms can wield two-handed weapons with a shield.
You have a pair of large antennae on your head. (SInv)


Message History

Duvessa is almost dead.
You finish channeling your searing ray.
Duvessa hits you with a +0 short sword.
Casting: Searing Ray (safe; 1% risk of failure)
Confirm with . or Enter, or press ? or * to list all spells.
Aiming: Searing Ray (safe; 1% risk of failure)
Press: ? - help, Shift-Dir - straight line, f/p - Duvessa
Aim: Duvessa, wielding a +0 short sword, wearing a +1 leather armour of positive energy and wearing an uncursed ring of stealth (almost dead, berserk, 18% to evade)
The searing ray hits Duvessa.
Duvessa is almost dead. (Press . to maintain the ray.) Duvessa misses you.
Duvessa hits you with a +0 short sword.
The searing ray misses Duvessa.
Duvessa barely misses you.
Without enough magic to sustain it, your searing ray dissipates.
Duvessa hits you with a +0 short sword. Duvessa hits you with a +0 short sword!
You die...
Kikubaaqudgha rasps: "You have failed me!
Welcome... death!"

......###....).......
........
........................
#.......
........................
#.......
#........<..............
........
###.....................
#......
##...#..............#
#...?
##...##............#
####.
##..#####...[....e.## ##
#..## #.......@.## #
..## #.......#.# ###
#.....###.# # #...### .#
##### .. .. ##. #


You could see Duvessa (berserk).

Vanquished Creatures
  Sigmund (D:5)
  A sky beast (D:6)
  2 ogres
  A bullfrog (D:6)
  2 scorpions (D:4)
  Dowan (D:6)
  2 howler monkeys (D:4)
  A hound (D:4)
  An orc priest (D:4)
  An iguana (D:6)
  4 orc wizards
  3 worker ants
  2 hound zombies
  4 gnolls (D:4)
  4 adders
  2 oozes
  An adder zombie (D:6)
  2 worms
  2 dart slugs
  4 leopard geckos
  12 orcs
  2 bats (D:1)
  6 giant cockroaches
  9 goblins
  3 hobgoblins
  A quokka (D:4)
  8 frilled lizards
  A jackal skeleton (D:6)
  8 kobolds
  3 rats
94 creatures vanquished.

Notes
Turn   | Place    | Note
-------+----------+-------------------------------------------
     0 | D:1      | DildoBatman the Formicid Conjurer began the quest for the
                  | Orb.
     0 | D:1      | Reached XP level 1. HP: 13/13 MP: 3/3
   139 | D:1      | Reached XP level 2. HP: 6/19 MP: 1/5
   142 | D:1      | Learned a level 2 spell: Searing Ray
   512 | D:1      | Reached XP level 3. HP: 23/24 MP: 2/6
  1463 | D:2      | Found a shadowy altar of Dithmenos.
  1478 | D:2      | Reached XP level 4. HP: 30/30 MP: 3/7
  1953 | D:3      | You fall into a shaft and drop 3 floors!
  2001 | D:5      | Entered Level 5 of the Dungeon
  2012 | D:5      | Reached skill level 5 in Conjurations
  2120 | D:5      | Noticed Sigmund
  2237 | D:4      | Found a staircase to the Ecumenical Temple.
  2665 | Temple   | Entered the Ecumenical Temple
  2917 | Temple   | Became a worshipper of Kikubaaqudgha
  3037 | D:3      | Reached XP level 5. HP: 24/33 MP: 3/8
  3205 | D:3      | Found a snail-covered altar of Cheibriados.
  3231 | D:3      | Found a hazy altar of Hepliaklqana.
  3231 | D:3      | Found an iron altar of Okawaru.
  3233 | D:3      | Found a burning altar of Makhleb.
  3922 | D:4      | Reached skill level 1 in Fighting
  3922 | D:4      | Reached skill level 1 in Armour
  3922 | D:4      | Reached XP level 6. HP: 43/43 MP: 0/9
  3982 | D:4      | Reached * piety under Kikubaaqudgha
  3982 | D:4      | Identified Kikubaaqudgha's Guide on Evil (Kikubaaqudgha
                  | gifted it to you on level 4 of the Dungeon)
  3982 | D:4      | Received a gift from Kikubaaqudgha
  3992 | D:4      | Learned a level 2 spell: Sublimation of Blood
  3996 | D:4      | Learned a level 3 spell: Vampiric Draining
  4156 | D:4      | Noticed an ogre
  4161 | D:4      | Killed an ogre
  4162 | D:4      | Reached XP level 7. HP: 33/50 MP: 1/13
  4262 | D:4      | Reached skill level 5 in Spellcasting
  4650 | D:5      | Reached skill level 1 in Shields
  4758 | D:5      | Reached XP level 8. HP: 56/56 MP: 9/16
  4930 | D:5      | Killed Sigmund
  5327 | D:6      | Reached ** piety under Kikubaaqudgha
  5427 | D:6      | Noticed Dowan
  5435 | D:6      | Killed Dowan
  5467 | D:6      | Noticed Duvessa
  5483 | D:6      | Mangled by Duvessa

Illustrated notes

Levels and vault maps discovered:
D:1:      psy_arrival_conway, layout_basic, ebering_dispersal_statue_hall,
          minmay_pentomino_p4
D:2:      layout_loops_ring, grunt_dithmenos_smoke_and_mirrors
D:3:      layout_loops_corners, nicolae_overflow_hidden_temple
D:4:      layout_basic, minmay_temple_entry_large_hall
D:5:      layout_cave_pools, uniq_sigmund
D:6:      layout_cave_pods, uniq_duvessa
Temple:   dpeg_five_rooms_temple

Skill      XL: |  1  2  3  4  5  6  7  8 |
---------------+-------------------------+-----
Conjurations   | 4 5 6 |  6.0
Fighting       | 1 2 |  2.0
Armour         | 1 2 |  2.0
Spellcasting   | 4 5 6 |  6.8
Shields        | 2 4 |  4.9
Dodging        | |  1.7
Stealth        | |  2.4

Action                   |  1- 3 |  4- 6 |  7- 9 || total
-------------------------+-------+-------+-------++-------
Melee: Unarmed           |    19 |       |       ||    19
       Club              |    17 |       |       ||    17
       Dagger            |     4 |    39 |    25 ||    68
 Cast: Magic Dart        |    19 |     8 |    19 ||    46
       Searing Ray       |     8 |    24 |    21 ||    53
       Sublimation of Bl |       |       |     1 ||     1
 Abil: Dig               |       |    16 |    23 ||    39
       Evoke Invisibilit |       |     2 |       ||     2
Evoke: Wand              |       |       |     2 ||     2
  Use: Scroll            |       |    10 |       ||    10
 Stab: Sleeping          |     3 |     2 |       ||     5
       Distracted        |       |     1 |       ||     1
Armor: Robe              |     9 |     7 |     8 ||    24
Dodge: Dodged            |    35 |    33 |    32 ||   100
